 Dungeon Crawl Stone Soup version 0.30-a0-371-gad7725a93e (webtiles) character file.

Game seed: 14778139711171336886

378 Pooter the Chopper (level 6, -13/56 HPs)
             Began as a Minotaur Berserker on Nov 20, 2022.
             Was a Believer of Trog.
             Succumbed to Dowan's poison
             ... on level 4 of the Dungeon.
             The game lasted 00:11:26 (2536 turns).

Pooter the Chopper (Minotaur Berserker)             Turns: 2536, Time: 00:11:27

Health: -13/56     AC:  7    Str: 24    XL:     6   Next: 45%
Magic:  0/5        EV: 11    Int:  4    God:    Trog [**....]
Gold:   180        SH:  0    Dex:  9    Spells: 5/5 levels left

rFire   . . .      SeeInvis .    a - +1 war axe
rCold   . . .      Faith    .    (no shield)
rNeg    . . .      Spirit   +    q - +0 ring mail
rPois   .          Reflect  .    (helmet restricted)
rElec   .          Harm     .    l - +0 cloak
rCorr   .          Rampage  .    m - +0 pair of gloves
Will    .....                    (no boots)
Stlth   ..........               G - amulet of guardian spirit
HPRegen 0.29/turn                (no ring)
MPRegen 0.09/turn                (no ring)

@: lethally poisoned (-13 -> -63), on berserk cooldown, slowed, very slow
A: horns 2, retaliatory headbutt
a: Renounce Religion, Berserk, Trog's Hand


You were on level 4 of the Dungeon.
You worshipped Trog.
Trog was pleased with you.
You visited 1 branch of the dungeon, and saw 4 of its levels.

You collected 180 gold pieces.

Inventory:

Hand Weapons
 a - a +1 war axe (weapon)
   (You found it on level 3 of the Dungeon)
 b - a +1 sling
   (You found it on level 1 of the Dungeon)
 s - a +0 trident
   (You took it off an orc on level 3 of the Dungeon)
Missiles
 e - a boomerang
 i - 9 poisoned darts (quivered)
 Q - 45 stones
Armour
 l - a +0 cloak (worn)
   (You found it on level 2 of the Dungeon)
 m - a +0 pair of gloves (worn)
   (You found it on level 2 of the Dungeon)
 q - a +0 ring mail (worn)
   (You took it off an orc on level 3 of the Dungeon)
Jewellery
 G - an amulet of guardian spirit (around neck)
   (You found it on level 3 of the Dungeon)
Scrolls
 c - a scroll of identify {unknown}
 f - a scroll of poison {unknown}
 j - a scroll of vulnerability {!r}
 n - a scroll of enchant armour {unknown}
 p - a scroll of magic mapping
Potions
 g - a potion of flight {unknown}
 h - a potion of heal wounds {unknown}
 k - a potion of haste {unknown}
 o - 2 potions of mutation {unknown}
 r - a potion of might {unknown}


   Skills:
 + Level 5.1 Fighting
 * Level 6.4 Axes
 * Level 4.1 Ranged Weapons
 - Level 2.4 Armour
 - Level 2.1 Dodging


You had 5 spell levels left.
You didn't know any spells.
Your spell library was empty.

Dungeon Overview and Level Annotations

Branches:
Dungeon (4/15)
 Temple: D:4-7

Altars:

Shops:
D:2 [

Annotations:
D:3 1 runed translucent door, Crazy Yiuf
D:4 Dowan


Innate Abilities, Weirdness & Mutations

You have a pair of horns on your head.
You reflexively headbutt those who attack you in melee.


Message History

Your Ranged Weapons skill increases to level 4!
You have reached level 6!
You miss Dowan. Your headbutt misses Dowan. You barely miss the adder.
You feel sick. The adder barely misses you. You furiously retaliate!
You headbutt the adder! Dowan casts a spell at you. The stone arrow hits you!
You barely miss Dowan. You headbutt Dowan! You slash the adder!
You kill the adder!
Trog accepts your kill.
You feel sick. Dowan casts a spell at you. The stone arrow misses you.
You miss Dowan. You slash the goblin!
You kill the goblin!
Trog accepts your kill.
You feel sick.
Dowan gestures wildly while chanting.
Dowan blinks!
You barely miss the orc. The orc hits you but does no damage.
You closely miss the orc.
You feel sick. The orc hits you with a +0 whip.
* * * LOW HITPOINT WARNING * * *
You barely miss the orc.
You feel sick.
Dowan shakes with grief.
Dowan casts a spell at you. The shard of ice misses you.
You are no longer berserk.
You are exhausted.
You feel yourself slow down. The orc hits you with a +0 whip.
* * * LOW HITPOINT WARNING * * *
Dowan hits you with a +4 dagger of venom.
* * * LOW HITPOINT WARNING * * *
You are more poisoned.
You closely miss Dowan. You hit the orc.
You feel very sick.
Dowan hits you with a +4 dagger of venom.
* * * LOW HITPOINT WARNING * * *
You are lethally poisoned!
The orc hits you with a +0 whip.
* * * LOW MAGIC WARNING * * *
* * * LOW HITPOINT WARNING * * *
Dowan hits you with a +4 dagger of venom.
* * * LOW MAGIC WARNING * * *
* * * LOW HITPOINT WARNING * * *
You are more poisoned.
The orc barely misses you. Dowan hits you but does no damage.
You are more poisoned.
You completely miss Dowan. You hit the orc.
You die...

#..# ##...### ....
##..#####+##.).# ....
#...#..........# .....
#...#..........# .!.....
#...#...>......#
........#...#..........#
........#...'..........#
........o...#..........#
......#@..#..........#
..... #e..###...####.#
####'##...###...####+#
#........#.......#
#.......>#.......#
#........#.......#
##################


You could see Dowan (fast) and an orc.

Vanquished Creatures
  Duvessa (D:4)
  Blork the orc (D:4)
  An iguana (D:3)
  Natasha (twice) (D:3)
  4 adders
  2 worms (D:2)
  4 dart slugs
  4 orcs (D:3)
  6 endoplasms
  6 goblins
  5 hobgoblins
  6 jackals (D:1)
  6 kobolds
  6 quokkas
  8 ball pythons
  6 bats
  A frilled lizard (D:2)
  2 rats (D:2)
71 creatures vanquished.

Notes
Turn   | Place    | Note
-------+----------+-------------------------------------------
     0 | D:1      | Pooter the Minotaur Berserker began the quest for the Orb.
     0 | D:1      | Reached XP level 1. HP: 19/19 MP: 0/0
   345 | D:1      | Reached skill level 4 in Axes
   356 | D:1      | Reached XP level 2. HP: 22/27 MP: 1/1
  1061 | D:2      | Reached skill level 1 in Ranged Weapons
  1064 | D:2      | Reached XP level 3. HP: 33/33 MP: 2/2
  1125 | D:2      | Reached ** piety under Trog
  1384 | D:2      | Found Peorph's Antique Armour Emporium.
  1413 | D:2      | Reached XP level 4. HP: 40/40 MP: 3/3
  1670 | D:3      | Reached skill level 5 in Axes
  2088 | D:3      | Noticed Natasha
  2092 | D:3      | Killed Natasha
  2093 | D:3      | Reached XP level 5. HP: 43/47 MP: 2/4
  2132 | D:3      | Found a runed translucent door.
  2133 | D:3      | Noticed Crazy Yiuf
  2203 | D:3      | Noticed Natasha
  2211 | D:3      | Killed Natasha
  2416 | D:4      | Noticed Blork the orc
  2427 | D:4      | Killed Blork the orc
  2428 | D:4      | Reached skill level 6 in Axes
  2513 | D:4      | Noticed Dowan
  2513 | D:4      | Noticed Duvessa
  2527 | D:4      | Killed Duvessa
  2528 | D:4      | Reached skill level 5 in Fighting
  2528 | D:4      | Reached XP level 6. HP: 56/56 MP: 5/5
  2536 | D:4      | Succumbed to Dowan's poison

Illustrated notes

Levels and vault maps discovered:
D:1:      lightli_molten_gateway, layout_basic
D:2:      layout_rooms, serial_shops, nicolae_shop_crystal, grunt_ministairs_10,
          guppyfry_early_lair_pool
D:3:      layout_rooms, uniq_crazy_yiuf_cottage, uniq_natasha
D:4:      layout_gridville, serial_shops, shop, grunt_decor_arrowhead,
          uniq_ijyb, uniq_duvessa, uniq_blork_the_orc

Skill      XL: |  1  2  3  4  5 |
---------------+----------------+-----
Axes           | 4 5 6 |  6.4
Fighting       | 4 5 |  5.1
Ranged Weapons | 1 2 4 |  4.1
Armour         | |  2.4
Dodging        | |  2.1

Action                   |  1- 3 |  4- 6 || total
-------------------------+-------+-------++-------
Melee: Hand axe          |    32 |    20 ||    52
       Headbutt          |     4 |     7 ||    11
       War axe           |       |    31 ||    31
 Fire: Sling             |    81 |    37 ||   118
Throw: Dart              |       |     6 ||     6
Invok: Berserk           |     1 |     4 ||     5
  Use: Scroll            |     1 |     3 ||     4
Armor: Animal skin       |    13 |     7 ||    20
       Ring mail         |       |     4 ||     4
Dodge: Dodged            |    41 |    28 ||    69

Table legend: (Time is in decaauts)
 A = Elapsed time spent in this place.
 B = Non-inter-level travel time spent in this place.
 C = Inter-level travel time spent in this place.
 D = Time resting spent in this place.
 E = Time spent auto-exploring this place.
 F = Levels seen in this place.
 G = Mean time per level.
                   A        B        C        D        E       F      G
               +--------+--------+--------+--------+--------+-----+--------+
         Total |   2622 |   2574 |     48 |    283 |   1747 |   4 |  655.5 |
       Dungeon |   2622 |   2574 |     48 |    283 |   1747 |   4 |  655.5 |
               +--------+--------+--------+--------+--------+-----+--------+

Top non-repeatable levels by time:
     D:1: 1036 daAuts
     D:3: 729 daAuts
     D:2: 725 daAuts
     D:4: 129 daAuts
